 Dungeon Crawl Stone Soup version 0.20.1-1-g8b1a95d (webtiles) character file.

81 karf the Skirmisher (level 4, 0/41 HPs)
             Began as a Hill Orc Abyssal Knight on Oct 28, 2017.
             Was a Believer of Lugonu.
             Succumbed to an adder's poison
             ... on level 2 of the Dungeon.
             The game lasted 00:06:57 (2305 turns).

karf the Skirmisher (Hill Orc Abyssal Knight)       Turns: 2305, Time: 00:06:57

Health: 0/41       AC:  3    Str: 12 (15) XL:     4   Next: 42%
Magic:  6/6        EV: 11    Int: 12      God:    Lugonu [**....]
Gold:   63         SH:  0    Dex:  7 (10) Spells: 3/3 levels left

rFire    . . .     SeeInvis .   a - +1 falchion
rCold    . . .     Gourm    .   (no shield)
rNeg     . . .     Faith    .   e - +0 robe (curse)
rPois    .         Spirit   .   (no helmet)
rElec    .         Reflect  .   (no cloak)
rCorr    .         Harm     .   (no gloves)
MR       .....     Rnd*Tele +   (no boots)
Stlth    +.........             (no amulet)
Regen    0.2/turn               g - ring of teleportation (curse)
MPRegen  0.1/turn               (no ring)

@: lethally poisoned (0 -> -6)
A: claws 1, rugged brown scales 1, no potion heal 1
a: Depart the Abyss, Bend Space, Renounce Religion


You were on level 2 of the Dungeon.
You worshipped Lugonu.
Lugonu was pleased with you.
You were hungry.

You visited 1 branch of the dungeon, and saw 3 of its levels.
You visited the Abyss 1 time.

You collected 63 gold pieces.

Inventory:

Hand Weapons
 a - a +1 falchion (weapon)
Armour
 b - a +1 leather armour
 e - a cursed +0 robe (worn)
Jewellery
 g - a cursed ring of teleportation (left claw)
Scrolls
 f - a scroll of teleportation
Potions
 j - a potion of haste
 m - a potion of magic {unknown}
Comestibles
 c - 5 bread rations
 i - 3 royal jellies


   Skills:
 + Level 4.1 Fighting
 * Level 3.7 Long Blades
 + Level 2.8 Armour
 - Level 0.7 Dodging
 + Level 3.4 Invocations


You had 3 spell levels left.
You didn't know any spells.

Dungeon Overview and Level Annotations

Branches:
Dungeon (3/15)

Altars:
Kikubaaqudgha


Innate Abilities, Weirdness & Mutations

You have sharp fingernails.
You are partially covered in rugged brown scales. (AC +1, +3% HP)
Potions are less effective at restoring your health.


Message History

You hit the orc but do no damage. The adder bites you but does no damage.
You hit the adder.
You kill the adder!
Lugonu accepts your kill.
You feel your intelligence returning.
You feel sick. The orc hits you with a mace!
* * * LOW HITPOINT WARNING * * *
The orc misses you.
You riposte.
You hit the orc.
The orc is almost dead.
* * * LOW HITPOINT WARNING * * *
You feel sick. The orc closely misses you. x2
You climb upwards.
* * * LOW HITPOINT WARNING * * *
You feel sick.
There is a stone staircase leading down here.
It was a potion of mutation.
You feel extremely strange.
Rugged brown scales grow over part of your body.
Your system partially rejects the healing effects of potions.
Your fingernails lengthen.
You die...

#.# #.# #.#### ####### #.....
#.....############ #.####
#.###.##.........# #.#### #.#
#.##.........# ##.#...
####.###.##.#######.#######....##
.......#.##.# #o@..............##
####.#.#.##.# #o###.#####.#......
#.#.#.##.# #.# #.# #.......#
#.#.#.##.###.###.# ####....#
####.....##.........# #(####
#<........#####.###### ##'##
#.####.##)# #......# ##.(.##
#.####.##.# ######.# ##..(..##
#.##.#.##.# ##.#.# ##.......#


You could see 2 orcs.

Vanquished Creatures
  3 adders
  An ooze (D:2)
  2 dart slugs
  A leopard gecko (D:1)
  3 orcs (D:3)
  3 giant cockroaches (D:1)
  2 goblins (D:2)
  3 hobgoblins
  8 jackals (D:2)
  7 kobolds
  3 bats
  2 frilled lizards (D:1)
  5 rats
43 creatures vanquished.

Notes
Turn   | Place    | Note
-------+----------+-------------------------------------------
     0 | Abyss:1  | karf the Hill Orc Abyssal Knight began the quest for the Orb.
     0 | Abyss:1  | Reached XP level 1. HP: 19/19 MP: 2/2
     0 | D:1      | Escaped the Abyss
   149 | D:1      | Reached XP level 2. HP: 27/27 MP: 4/4
   199 | D:1      | Reached * piety under Lugonu
   668 | D:2      | Reached XP level 3. HP: 17/33 MP: 5/5
  1215 | D:2      | Reached skill level 4 in Fighting
  1595 | D:2      | Reached XP level 4. HP: 30/40 MP: 6/6
  1885 | D:2      | Found an ancient bone altar of Kikubaaqudgha.
  1904 | D:2      | Reached ** piety under Lugonu
  2303 | D:3      | HP: 2/40 [poisoned by an adder]
  2305 | D:2      | Gained mutation: You are partially covered in rugged brown scales. (AC +1, +3% HP) [potion of mutation]
  2305 | D:2      | Gained mutation: Potions are less effective at restoring your health. [potion of mutation]
  2305 | D:2      | Gained mutation: You have sharp fingernails. [potion of mutation]
  2305 | D:2      | Succumbed to an adder's poison

Skill      XL: |  1  2  3 |
---------------+----------+-----
Invocations    | 3 |  3.4
Fighting       | 4 |  4.1
Long Blades    | 3 |  3.7
Armour         | |  2.8
Dodging        | |  0.7

Action                   |  1- 3 |  4- 6 || total
-------------------------+-------+-------++-------
Melee: Falchion          |    88 |    37 ||   125
Invok: Depart the Abyss  |     1 |       ||     1
       Bend Space        |       |     1 ||     1
  Use: Potion            |     2 |     1 ||     3
       Scroll            |       |     6 ||     6
  Eat: Chunk             |     2 |     2 ||     4
Armor: Leather armour    |    21 |       ||    21
       Robe              |    12 |     6 ||    18
Dodge: Dodged            |    62 |    24 ||    86
       Rpst.: Falchion   |    27 |    11 ||    38
